Oilers vs Penguins
Created - 15 décembre 2013 at 21:58
Goals
|
| Oilers |
1 |
0 |
0 |
0 |
0 |
1 |
| Penguins |
1 |
0 |
0 |
0 |
1 |
2 |
|
Shots
|
| Oilers |
11 |
14 |
4 |
2 |
3 |
31 |
| Penguins |
11 |
9 |
10 |
0 |
2 |
30 |
|
1st period
1. Oilers , Joe Pavelski 6 (Pavel Datsyuk) at 8:29
2. Penguins , Dennis Seidenberg 2 (Taylor Pyatt, Darren Reid) at 16:21 (PP)
Penalties :
Denis Arkhipov (Pit) for Hooking (Minor) at 0:38, Darren Reid (Pit) for Holding (Minor) at 9:53, Brian Elliott (Pit) for Slashing (Minor) at 10:25 - Ville Peltonen served the penalty, Pavel Datsyuk (Edm) for Cross-checking (Minor) at 16:11, Steve Staios (Pit) for Tripping (Minor) at 17:15
2nd period
No Goal
Penalties :
Eric Nystrom (Edm) for Interference (Minor) at 4:19, Peter Forsberg (Pit) for Roughing (Minor) at 7:22, Ted Purcell (Pit) for Hooking (Minor) at 9:49, Darren Reid (Pit) for Slashing (Double Minor) at 18:44
3rd period
No Goal
Penalties :
Duncan Keith (Edm) for Roughing (Minor) at 7:37
Overtime #1
No Goal
Penalties :
No Penalty
Shootout
Penalty Shot by Ilya Kovalchuk for Oilers - Stopped by Brian Elliott
Penalty Shot by Peter Forsberg for Penguins - Stopped by Cam Ward
Penalty Shot by Pavel Datsyuk for Oilers - Stopped by Brian Elliott
Penalty Shot by Ted Purcell for Penguins - Goal!
Penalty Shot by Brad Boyes for Oilers - Stopped by Brian Elliott
Penalties :
No Penalty
Goalie Stats
Cam Ward (Edm), 29 saves from 30 shots - (0,967), OTL, 11-8-4, 65:00 minutes
Brian Elliott (Pit), 30 saves from 31 shots - (0,968), W, 10-3-5, 65:00 minutes
Players Stats for Oilers
Player Name G A P +/- PIM S H SB GA TA FO MP PP MP PK MP
------------------------------------------------------------------------------------
Alexei Yashin 0 0 0 0 0 2 2 0 0 0 2/9 15:11 0:24 2:01
Andreas Johansson 0 0 0 0 0 4 0 0 0 0 0/1 14:24 0:24 0:13
Brad Boyes 0 0 0 0 0 0 1 0 0 0 0/0 18:58 7:02 0:00
Duncan Keith 0 0 0 0 2 2 1 2 0 1 0/0 29:35 9:07 1:16
Eric Nystrom 0 0 0 0 2 2 1 0 1 0 0/0 8:49 0:00 1:02
Erik Rasmussen 0 0 0 0 0 0 0 0 0 1 6/8 9:26 0:00 2:07
Frantisek Kaberle 0 0 0 0 0 0 1 0 0 0 0/0 5:14 0:00 0:00
Ian White 0 0 0 0 0 1 3 0 2 0 0/0 26:59 9:07 0:51
Ilya Kovalchuk 0 0 0 0 0 5 1 0 2 0 0/2 22:37 7:02 0:52
Joe Callahan 0 0 0 1 0 0 2 3 1 0 0/0 20:24 5:19 2:07
Joe Pavelski 1 0 1 1 0 5 2 1 1 1 1/2 20:43 7:00 0:00
Jonathan Toews 0 0 0 0 0 2 3 0 0 1 6/17 19:26 7:02 0:00
Karel Pilar 0 0 0 1 0 0 1 1 0 0 0/0 9:40 0:00 0:00
Markus Naslund 0 0 0 1 0 5 2 1 2 0 1/1 21:16 7:00 2:01
Patrick Kaleta 0 0 0 0 0 1 2 0 1 1 0/0 12:16 0:24 0:00
Pavel Datsyuk 0 1 1 1 2 1 0 0 1 0 8/15 20:55 7:00 0:00
Rob Scuderi 0 0 0 0 0 0 0 1 0 1 0/0 16:43 0:00 2:01
Steve Montador 0 0 0 0 0 1 1 0 2 0 0/0 23:13 5:19 2:01
Players Stats for Penguins
Player Name G A P +/- PIM S H SB GA TA FO MP PP MP PK MP
------------------------------------------------------------------------------------
Brooks Orpik 0 0 0 0 0 0 1 0 0 0 0/0 22:33 1:34 6:49
Carlo Colaiacovo 0 0 0 0 0 0 0 0 0 2 0/0 14:26 1:34 0:35
Dainius Zubrus 0 0 0 0 0 1 2 0 0 0 0/1 16:37 0:00 7:36
Dan Hamhuis 0 0 0 -1 0 3 1 4 0 3 0/0 29:11 2:34 8:33
Darren Reid 0 1 1 -1 6 3 0 0 3 2 0/1 17:13 2:40 0:09
Denis Arkhipov 0 0 0 0 2 3 0 0 0 2 9/14 17:34 0:00 7:09
Dennis Seidenberg 1 0 1 -1 0 4 1 0 1 2 0/0 22:43 2:34 0:35
Jere Lehtinen 0 0 0 0 0 0 1 0 0 0 0/0 7:20 0:00 0:00
Mike Watt 0 0 0 0 0 0 1 0 0 0 0/0 11:37 0:00 1:20
Peter Forsberg 0 0 0 0 2 3 1 1 0 0 14/19 21:37 1:28 5:07
Ryan Getzlaf 0 0 0 -1 0 3 1 0 0 0 6/16 18:34 2:40 1:50
Ryan Kesler 0 0 0 0 0 1 0 0 0 1 0/2 14:48 1:28 0:01
Steve Staios 0 0 0 0 2 2 1 0 0 0 0/0 24:14 0:00 7:02
Steven Reinprecht 0 0 0 0 0 1 0 0 0 0 1/1 7:07 0:00 0:00
Taylor Pyatt 0 1 1 -1 0 2 2 1 1 0 1/1 16:15 2:40 0:07
Ted Purcell 0 0 0 0 2 1 4 0 0 1 0/0 14:56 1:28 0:00
Tom Preissing 0 0 0 0 0 1 0 2 0 0 0/0 15:36 0:00 5:18
Ville Peltonen 0 0 0 0 0 2 0 1 1 0 0/0 11:40 0:00 4:06
3 Stars
1 - Brian Elliott (Pit)
2 - Cam Ward (Edm)
3 - Joe Pavelski (Edm)
Power Play
Oilers - 0 on 8 Attempt(s) - 0,00%
Penguins - 1 on 3 Attempt(s) - 33,33%
Penalty Kill
Oilers - 2 on 3 Attempt(s) - 66,67%
- Score 0 goal in Penalty Kill
Penguins - 8 on 8 Attempt(s) - 100,00%
- Score 0 goal in Penalty Kill
Official
Referees : Ciamaga Chris and Auger Stephane
Linesman : Lyle Seitz and Derek Amell
Game Notes
No Game Note
Finance
Level 1 -- Attendance: 5373 (89,55%) -- Ticket Income 392 229 $
Level 2 -- Attendance: 4474 (89,48%) -- Ticket Income 178 960 $
Level 3 -- Attendance: 1894 (94,70%) -- Ticket Income 43 562 $
Level 4 -- Attendance: 4000 (100,00%) -- Ticket Income 56 000 $
Luxury Box -- Attendance: 863 (86,30%) -- Ticket Income 132 902 $
Game was played at the Igloo
Total Attendance: 16604 (92,24%)
Total Ticket Income: 803 653 $
Other Income: 120 548 $
Total Income: 924 201 $
Oilers
5 vs 5 Forward
Center Left Wing Right Wing Time % Phy DF OF
1 Pavel Datsyuk Markus Naslund Joe Pavelski 38 1 1 3
2 Jonathan Toews Ilya Kovalchuk Brad Boyes 38 1 2 2
3 Alexei Yashin Andreas Johansson Patrick Kaleta 16 1 2 2
4 Erik Rasmussen Eric Nystrom Ilya Kovalchuk 8 1 2 2
5 vs 5 Defense
Defense Defense Time % Phy DF OF
1 Duncan Keith Ian White 40 1 2 2
2 Steve Montador Rob Scuderi 32 1 3 1
3 Joe Callahan Karel Pilar 20 2 2 1
4 Joe Callahan Frantisek Kaberle 8 1 2 2
PowerPlay Forward
Center Left Wing Right Wing Time % Phy DF OF
1 Pavel Datsyuk Markus Naslund Joe Pavelski 50 0 1 4
2 Jonathan Toews Ilya Kovalchuk Brad Boyes 50 1 1 3
PowerPlay Defense
Defense Defense Time % Phy DF OF
1 Duncan Keith Ian White 60 1 2 2
2 Joe Callahan Steve Montador 40 1 2 2
Penalty Kill 4 Players Forward
Center Wing Time % Phy DF OF
1 Erik Rasmussen Eric Nystrom 50 1 3 1
2 Alexei Yashin Markus Naslund 50 1 3 1
Penalty Kill 4 Players Defense
Defense Defense Time % Phy DF OF
1 Duncan Keith Joe Callahan 50 1 3 1
2 Steve Montador Rob Scuderi 50 1 3 1
Penalty Kill - 3 Players Forward
Forward Time % Phy DF OF
1 Pavel Datsyuk 50 1 4 0
2 Ilya Kovalchuk 50 1 4 0
Penalty Kill - 3 Players Defense
Defense Defense Time % Phy DF OF
1 Duncan Keith Ian White 50 1 4 0
2 Steve Montador Joe Callahan 50 1 4 0
4 vs 4 Forward
Center Wing Time % Phy DF OF
1 Jonathan Toews Ilya Kovalchuk 50 1 2 2
2 Pavel Datsyuk Joe Pavelski 50 1 2 2
4 vs 4 Defense
Defense Defense Time % Phy DF OF
1 Duncan Keith Ian White 50 1 2 2
2 Steve Montador Joe Callahan 50 1 2 2
Last Minutes Offensive
Center Left Wing Right Wing Defense Defense
Pavel Datsyuk Ilya Kovalchuk Brad Boyes Duncan Keith Ian White
Last Minutes Defensive
Center Left Wing Right Wing Defense Defense
Pavel Datsyuk Ilya Kovalchuk Brad Boyes Duncan Keith Ian White
Goaltenders
Starting : Cam Ward
Backup : Scott Clemmensen
Extra Forwards
Normal : Brad Boyes, Pavel Datsyuk, Ilya Kovalchuk - PP : Alexei Yashin, Andreas Johansson - PK : Ilya Kovalchuk
Extra Defensemen
Normal : Steve Montador, Duncan Keith, Ian White - PP : Karel Pilar - PK : Ian White, Karel Pilar
Penalty Shots
Ilya Kovalchuk, Pavel Datsyuk, Brad Boyes, Markus Naslund, Joe Pavelski
Penguins
5 vs 5 Forward
Center Left Wing Right Wing Time % Phy DF OF
1 Ryan Getzlaf Taylor Pyatt Darren Reid 40 1 1 3
2 Peter Forsberg Ryan Kesler Ted Purcell 39 1 1 3
3 Denis Arkhipov Mike Watt Dainius Zubrus 16 1 2 2
4 Steven Reinprecht Ville Peltonen Jere Lehtinen 5 1 2 2
5 vs 5 Defense
Defense Defense Time % Phy DF OF
1 Dennis Seidenberg Dan Hamhuis 40 1 1 3
2 Steve Staios Brooks Orpik 30 1 2 2
3 Tom Preissing Carlo Colaiacovo 20 1 2 2
4 Dennis Seidenberg Steve Staios 10 1 1 3
PowerPlay Forward
Center Left Wing Right Wing Time % Phy DF OF
1 Ryan Getzlaf Taylor Pyatt Darren Reid 60 1 1 3
2 Ryan Kesler Peter Forsberg Ted Purcell 40 1 1 3
PowerPlay Defense
Defense Defense Time % Phy DF OF
1 Dan Hamhuis Dennis Seidenberg 60 1 1 3
2 Carlo Colaiacovo Brooks Orpik 40 1 1 3
Penalty Kill 4 Players Forward
Center Wing Time % Phy DF OF
1 Denis Arkhipov Dainius Zubrus 60 1 3 1
2 Peter Forsberg Ville Peltonen 40 1 3 1
Penalty Kill 4 Players Defense
Defense Defense Time % Phy DF OF
1 Steve Staios Dan Hamhuis 60 1 3 1
2 Brooks Orpik Tom Preissing 40 1 3 1
Penalty Kill - 3 Players Forward
Forward Time % Phy DF OF
1 Denis Arkhipov 60 1 3 1
2 Ville Peltonen 40 1 3 1
Penalty Kill - 3 Players Defense
Defense Defense Time % Phy DF OF
1 Dan Hamhuis Steve Staios 60 1 3 1
2 Brooks Orpik Tom Preissing 40 1 3 1
4 vs 4 Forward
Center Wing Time % Phy DF OF
1 Peter Forsberg Darren Reid 60 1 1 3
2 Ryan Getzlaf Ted Purcell 40 1 1 3
4 vs 4 Defense
Defense Defense Time % Phy DF OF
1 Dan Hamhuis Dennis Seidenberg 60 1 1 3
2 Carlo Colaiacovo Steve Staios 40 1 1 3
Last Minutes Offensive
Center Left Wing Right Wing Defense Defense
Peter Forsberg Taylor Pyatt Darren Reid Steve Staios Dennis Seidenberg
Last Minutes Defensive
Center Left Wing Right Wing Defense Defense
Ryan Getzlaf Ville Peltonen Darren Reid Dan Hamhuis Tom Preissing
Goaltenders
Starting : Brian Elliott
Backup : Ondrej Pavelec
Extra Forwards
Normal : Peter Forsberg, Ryan Getzlaf, Darren Reid - PP : Ryan Kesler, Darren Reid - PK : Dainius Zubrus
Extra Defensemen
Normal : Steve Staios, Dennis Seidenberg, Dan Hamhuis - PP : Dan Hamhuis - PK : Steve Staios, Dan Hamhuis
Penalty Shots
Peter Forsberg, Ted Purcell, Ryan Kesler, Taylor Pyatt, Darren Reid
% Time on Ice - Oilers
Lines # - Real PCT - Wanted PCT - Time Play
Normal Forward
1 - 34% - 38% - 14:16
2 - 32% - 38% - 13:05
3 - 24% - 16% - 10:03
4 - 10% - 8% - 4:02
Normal Defense
1 - 33% - 40% - 13:42
2 - 44% - 32% - 18:09
3 - 18% - 20% - 7:23
4 - 5% - 8% - 2:12
PP Forward
1 - 50% - 50% - 7:10
2 - 50% - 50% - 7:16
PP Defense
1 - 63% - 60% - 9:07
2 - 37% - 40% - 5:19
PK Forward
1 - 51% - 50% - 2:07
2 - 49% - 50% - 2:01
PK Defense
1 - 51% - 50% - 2:07
2 - 49% - 50% - 2:01
PK3 Forward
1 - 0% - 50%
2 - 0% - 50%
PK3 Defense
1 - 0% - 50%
2 - 0% - 50%
44 Forward
1 - 45% - 50% - 2:14
2 - 55% - 50% - 2:46
44 Defense
1 - 58% - 50% - 2:55
2 - 42% - 50% - 2:05
Last Minute Offensive - 0:00
Last Minute Defensive - 0:00
Total
Forward - 65:00
Defense - 65:00
|
% Time on Ice - Penguins
Lines # - Real PCT - Wanted PCT - Time Play
Normal Forward
1 - 32% - 40% - 13:06
2 - 38% - 39% - 15:37
3 - 17% - 16% - 7:08
4 - 13% - 5% - 5:35
Normal Defense
1 - 38% - 40% - 15:55
2 - 37% - 30% - 15:28
3 - 21% - 20% - 8:41
4 - 3% - 10% - 1:22
PP Forward
1 - 65% - 60% - 2:40
2 - 35% - 40% - 1:28
PP Defense
1 - 62% - 60% - 2:34
2 - 38% - 40% - 1:34
PK Forward
1 - 67% - 60% - 8:39
2 - 33% - 40% - 4:20
PK Defense
1 - 63% - 60% - 8:08
2 - 37% - 40% - 4:51
PK3 Forward
1 - 69% - 60% - 1:00
2 - 31% - 40% - 0:27
PK3 Defense
1 - 69% - 60% - 1:00
2 - 31% - 40% - 0:27
44 Forward
1 - 93% - 60% - 4:39
2 - 7% - 40% - 0:21
44 Defense
1 - 64% - 60% - 3:12
2 - 36% - 40% - 1:48
Last Minute Offensive - 0:00
Last Minute Defensive - 0:00
Total
Forward - 65:00
Defense - 65:00
|
Play by Play
1st period
0:01 of 1st period - Taylor Pyatt wins face-off versus Pavel Datsyuk in neutral zone.
0:12 of 1st period - Snap shot by Joe Pavelski.
0:12 of 1st period - Shot Blocked by Taylor Pyatt.
0:14 of 1st period - Wrist shot by Ian White.
0:14 of 1st period - Stopped by Brian Elliott without a rebound.
0:15 of 1st period - Jonathan Toews wins face-off versus Peter Forsberg in Penguins zone.
0:24 of 1st period - Brad Boyes is hit by Brooks Orpik and loses puck.
0:38 of 1st period - Minor Penalty to Denis Arkhipov for Hooking.
0:39 of 1st period - Peter Forsberg wins face-off versus Pavel Datsyuk in Penguins zone.
0:52 of 1st period - Icing by Duncan Keith.
0:53 of 1st period - Peter Forsberg wins face-off versus Pavel Datsyuk in Oilers zone.
1:13 of 1st period - Off-side.
1:14 of 1st period - Peter Forsberg wins face-off versus Jonathan Toews in neutral zone.
1:49 of 1st period - Snap shot by Pavel Datsyuk.
1:49 of 1st period - Shot Misses the Net.
2:38 of 1st period - Penalty to Denis Arkhipov is over, Denis Arkhipov is back on ice.
3:58 of 1st period - Erik Rasmussen is hit by Jere Lehtinen and loses puck.
4:34 of 1st period - Wrist shot by Denis Arkhipov.
4:34 of 1st period - Stopped by Cam Ward with a rebound.
4:36 of 1st period - Wrist shot by Denis Arkhipov.
4:36 of 1st period - Stopped by Cam Ward with a rebound.
6:00 of 1st period - Backhand shot by Denis Arkhipov.
6:00 of 1st period - Stopped by Cam Ward with a rebound.
6:15 of 1st period - Icing by Brooks Orpik.
6:16 of 1st period - Peter Forsberg wins face-off versus Alexei Yashin in Penguins zone.
6:16 of 1st period - Peter Forsberg is hit by Alexei Yashin.
6:43 of 1st period - Ilya Kovalchuk is hit by Ryan Getzlaf and loses puck.
7:32 of 1st period - Snap shot by Ryan Getzlaf.
7:32 of 1st period - Stopped by Cam Ward without a rebound.
7:33 of 1st period - Ryan Getzlaf wins face-off versus Erik Rasmussen in Oilers zone.
7:42 of 1st period - Snap shot by Ryan Getzlaf.
7:42 of 1st period - Stopped by Cam Ward without a rebound.
7:43 of 1st period - Pavel Datsyuk wins face-off versus Ryan Getzlaf in Oilers zone.
7:57 of 1st period - Off-side.
7:58 of 1st period - Peter Forsberg wins face-off versus Jonathan Toews in neutral zone.
7:58 of 1st period - Peter Forsberg is hit by Ilya Kovalchuk.
8:24 of 1st period - Dennis Seidenberg is hit by Ian White and loses puck.
8:29 of 1st period - Snap shot by Joe Pavelski.
8:29 of 1st period - Goal by Joe Pavelski - Oilers : 1 - Penguins : 0.
8:30 of 1st period - Ryan Getzlaf wins face-off versus Jonathan Toews in neutral zone.
9:13 of 1st period - Off-side.
9:14 of 1st period - Denis Arkhipov wins face-off versus Alexei Yashin in neutral zone.
9:17 of 1st period - Wrist shot by Dainius Zubrus.
9:17 of 1st period - Shot Blocked by Karel Pilar.
9:53 of 1st period - Minor Penalty to Darren Reid for Holding.
9:54 of 1st period - Denis Arkhipov wins face-off versus Jonathan Toews in Penguins zone.
10:25 of 1st period - Snap shot by Pavel Datsyuk.
10:25 of 1st period - Stopped by Brian Elliott without a rebound.
10:25 of 1st period - Minor Penalty to Brian Elliott for Slashing.
10:26 of 1st period - Jonathan Toews wins face-off versus Denis Arkhipov in Penguins zone.
10:39 of 1st period - Wrist shot by Jonathan Toews.
10:39 of 1st period - Stopped by Brian Elliott without a rebound.
10:40 of 1st period - Pavel Datsyuk wins face-off versus Denis Arkhipov in Penguins zone.
10:41 of 1st period - Wrist shot by Joe Pavelski.
10:41 of 1st period - Shot Misses the Net.
10:45 of 1st period - Slapshot by Pavel Datsyuk.
10:45 of 1st period - Shot Misses the Net.
10:47 of 1st period - Slapshot by Duncan Keith.
10:47 of 1st period - Shot Blocked by Dan Hamhuis.
10:49 of 1st period - Wrist shot by Ian White.
10:49 of 1st period - Shot Blocked by Dan Hamhuis.
10:51 of 1st period - Snap shot by Markus Naslund.
10:51 of 1st period - Stopped by Brian Elliott with a rebound.
10:53 of 1st period - Backhand shot by Duncan Keith.
10:53 of 1st period - Stopped by Brian Elliott with a rebound.
10:55 of 1st period - Snap shot by Markus Naslund.
10:55 of 1st period - Stopped by Brian Elliott with a rebound.
11:09 of 1st period - Dan Hamhuis is hit by Brad Boyes and loses puck.
11:53 of 1st period - Penalty to Darren Reid is over, Darren Reid is back on ice.
12:25 of 1st period - Penalty to Ville Peltonen is over, Ville Peltonen is back on ice.
12:40 of 1st period - Darren Reid is hit by Patrick Kaleta and loses puck.
13:05 of 1st period - Wrist shot by Taylor Pyatt.
13:05 of 1st period - Stopped by Cam Ward with a rebound.
14:09 of 1st period - Snap shot by Peter Forsberg.
14:09 of 1st period - Shot Blocked by Joe Callahan.
14:11 of 1st period - Snap shot by Ryan Kesler.
14:11 of 1st period - Stopped by Cam Ward with a rebound.
14:13 of 1st period - Slapshot by Steve Staios.
14:13 of 1st period - Shot Blocked by Joe Callahan.
14:15 of 1st period - Slapshot by Steve Staios.
14:15 of 1st period - Stopped by Cam Ward with a rebound.
14:49 of 1st period - Dan Hamhuis is hit by Eric Nystrom and loses puck.
15:15 of 1st period - Duncan Keith is hit by Ted Purcell and loses puck.
15:28 of 1st period - Steve Staios is hit by Ian White and loses puck.
15:47 of 1st period - Slapshot by Ville Peltonen.
15:47 of 1st period - Stopped by Cam Ward without a rebound.
15:48 of 1st period - Steven Reinprecht wins face-off versus Alexei Yashin in Oilers zone.
16:00 of 1st period - Off-side.
16:01 of 1st period - Markus Naslund wins face-off versus Peter Forsberg in neutral zone.
16:11 of 1st period - Minor Penalty to Pavel Datsyuk for Cross-checking.
16:12 of 1st period - Erik Rasmussen wins face-off versus Darren Reid in Oilers zone.
16:17 of 1st period - Wrist shot by Taylor Pyatt.
16:17 of 1st period - Stopped by Cam Ward with a rebound.
16:19 of 1st period - Slapshot by Dennis Seidenberg.
16:19 of 1st period - Shot Blocked by Joe Callahan.
16:21 of 1st period - Slapshot by Dennis Seidenberg.
16:21 of 1st period - Goal by Dennis Seidenberg - Oilers : 1 - Penguins : 1.
16:22 of 1st period - Peter Forsberg wins face-off versus Jonathan Toews in neutral zone.
16:35 of 1st period - Ted Purcell is hit by Jonathan Toews and loses puck.
17:15 of 1st period - Minor Penalty to Steve Staios for Tripping.
17:16 of 1st period - Jonathan Toews wins face-off versus Dainius Zubrus in Penguins zone.
17:29 of 1st period - Wrist shot by Ilya Kovalchuk.
17:29 of 1st period - Stopped by Brian Elliott with a rebound.
17:31 of 1st period - Snap shot by Steve Montador.
17:31 of 1st period - Stopped by Brian Elliott without a rebound.
17:32 of 1st period - Denis Arkhipov wins face-off versus Pavel Datsyuk in Penguins zone.
17:45 of 1st period - Backhand shot by Joe Pavelski.
17:45 of 1st period - Shot Misses the Net.
18:09 of 1st period - Slapshot by Ilya Kovalchuk.
18:09 of 1st period - Stopped by Brian Elliott with a rebound.
18:11 of 1st period - Slapshot by Ilya Kovalchuk.
18:11 of 1st period - Stopped by Brian Elliott with a rebound.
18:13 of 1st period - Snap shot by Duncan Keith.
18:13 of 1st period - Shot Blocked by Peter Forsberg.
19:11 of 1st period - Ian White is hit by Dennis Seidenberg and loses puck.
19:15 of 1st period - Penalty to Steve Staios is over, Steve Staios is back on ice.
2nd period
0:01 of 2nd period - Jonathan Toews wins face-off versus Peter Forsberg in neutral zone.
0:04 of 2nd period - Slapshot by Duncan Keith.
0:04 of 2nd period - Shot Misses the Net.
0:16 of 2nd period - Brad Boyes is hit by Ted Purcell and loses puck.
0:50 of 2nd period - Slapshot by Patrick Kaleta.
0:50 of 2nd period - Shot Misses the Net.
0:52 of 2nd period - Wrist shot by Andreas Johansson.
0:52 of 2nd period - Shot Blocked by Dan Hamhuis.
0:58 of 2nd period - Slapshot by Patrick Kaleta.
0:58 of 2nd period - Stopped by Brian Elliott without a rebound.
0:59 of 2nd period - Peter Forsberg wins face-off versus Pavel Datsyuk in Penguins zone.
1:43 of 2nd period - Snap shot by Alexei Yashin.
1:43 of 2nd period - Stopped by Brian Elliott without a rebound.
1:44 of 2nd period - Denis Arkhipov wins face-off versus Alexei Yashin in Penguins zone.
2:32 of 2nd period - Slapshot by Ted Purcell.
2:32 of 2nd period - Stopped by Cam Ward without a rebound.
2:33 of 2nd period - Jonathan Toews wins face-off versus Peter Forsberg in Oilers zone.
2:33 of 2nd period - Jonathan Toews is hit by Dan Hamhuis.
2:59 of 2nd period - Ian White is hit by Taylor Pyatt and loses puck.
3:28 of 2nd period - Ville Peltonen is hit by Alexei Yashin and loses puck.
4:19 of 2nd period - Minor Penalty to Eric Nystrom for Interference.
4:20 of 2nd period - Alexei Yashin wins face-off versus Ryan Getzlaf in Oilers zone.
4:31 of 2nd period - Backhand shot by Dennis Seidenberg.
4:31 of 2nd period - Shot Blocked by Duncan Keith.
4:33 of 2nd period - Snap shot by Dennis Seidenberg.
4:33 of 2nd period - Stopped by Cam Ward with a rebound.
4:35 of 2nd period - Slapshot by Taylor Pyatt.
4:35 of 2nd period - Shot Misses the Net.
5:10 of 2nd period - Icing by Carlo Colaiacovo.
5:11 of 2nd period - Erik Rasmussen wins face-off versus Ryan Getzlaf in Penguins zone.
6:19 of 2nd period - Penalty to Eric Nystrom is over, Eric Nystrom is back on ice.
6:59 of 2nd period - Wrist shot by Ilya Kovalchuk.
6:59 of 2nd period - Stopped by Brian Elliott without a rebound.
7:00 of 2nd period - Pavel Datsyuk wins face-off versus Ryan Getzlaf in Penguins zone.
7:09 of 2nd period - Snap shot by Joe Pavelski.
7:09 of 2nd period - Stopped by Brian Elliott without a rebound.
7:10 of 2nd period - Pavel Datsyuk wins face-off versus Ryan Getzlaf in Penguins zone.
7:21 of 2nd period - Snap shot by Markus Naslund.
7:21 of 2nd period - Stopped by Brian Elliott without a rebound.
7:22 of 2nd period - Pavel Datsyuk wins face-off versus Peter Forsberg in Penguins zone.
7:22 of 2nd period - Minor Penalty to Peter Forsberg for Roughing.
7:23 of 2nd period - Denis Arkhipov wins face-off versus Jonathan Toews in Penguins zone.
7:32 of 2nd period - Wrist shot by Ilya Kovalchuk.
7:32 of 2nd period - Stopped by Brian Elliott without a rebound.
7:33 of 2nd period - Denis Arkhipov wins face-off versus Jonathan Toews in Penguins zone.
7:45 of 2nd period - Off-side.
7:46 of 2nd period - Denis Arkhipov wins face-off versus Pavel Datsyuk in neutral zone.
9:22 of 2nd period - Penalty to Peter Forsberg is over, Peter Forsberg is back on ice.
9:27 of 2nd period - Dan Hamhuis is hit by Steve Montador and loses puck.
9:38 of 2nd period - Snap shot by Alexei Yashin.
9:38 of 2nd period - Stopped by Brian Elliott without a rebound.
9:39 of 2nd period - Peter Forsberg wins face-off versus Andreas Johansson in Penguins zone.
9:49 of 2nd period - Minor Penalty to Ted Purcell for Hooking.
9:50 of 2nd period - Pavel Datsyuk wins face-off versus Denis Arkhipov in Penguins zone.
10:31 of 2nd period - Snap shot by Ville Peltonen.
10:31 of 2nd period - Shot Misses the Net.
10:33 of 2nd period - Slapshot by Tom Preissing.
10:33 of 2nd period - Stopped by Cam Ward without a rebound.
10:34 of 2nd period - Joe Pavelski wins face-off versus Denis Arkhipov in Oilers zone.
11:24 of 2nd period - Snap shot by Peter Forsberg.
11:24 of 2nd period - Stopped by Cam Ward without a rebound.
11:25 of 2nd period - Peter Forsberg wins face-off versus Joe Pavelski in Oilers zone.
11:26 of 2nd period - Snap shot by Ville Peltonen.
11:26 of 2nd period - Shot Blocked by Joe Pavelski.
11:28 of 2nd period - Snap shot by Ville Peltonen.
11:28 of 2nd period - Shot Misses the Net.
11:38 of 2nd period - Slapshot by Ville Peltonen.
11:38 of 2nd period - Deflect By Peter Forsberg.
11:38 of 2nd period - Shot Misses the Net.
11:38 of 2nd period - Puck is out of play.
11:39 of 2nd period - Jonathan Toews wins face-off versus Denis Arkhipov in Oilers zone.
11:49 of 2nd period - Penalty to Ted Purcell is over, Ted Purcell is back on ice.
12:11 of 2nd period - Wrist shot by Joe Pavelski.
12:11 of 2nd period - Stopped by Brian Elliott with a rebound.
12:13 of 2nd period - Snap shot by Markus Naslund.
12:13 of 2nd period - Stopped by Brian Elliott without a rebound.
12:14 of 2nd period - Pavel Datsyuk wins face-off versus Ryan Getzlaf in Penguins zone.
12:23 of 2nd period - Snap shot by Pavel Datsyuk.
12:23 of 2nd period - Shot Blocked by Tom Preissing.
12:25 of 2nd period - Wrist shot by Joe Pavelski.
12:25 of 2nd period - Stopped by Brian Elliott with a rebound.
12:39 of 2nd period - Joe Pavelski is hit by Peter Forsberg and loses puck.
13:02 of 2nd period - Snap shot by Jonathan Toews.
13:02 of 2nd period - Shot Misses the Net.
13:04 of 2nd period - Wrist shot by Brad Boyes.
13:04 of 2nd period - Shot Hit the Post.
13:22 of 2nd period - Slapshot by Andreas Johansson.
13:22 of 2nd period - Stopped by Brian Elliott without a rebound.
13:23 of 2nd period - Peter Forsberg wins face-off versus Alexei Yashin in Penguins zone.
13:41 of 2nd period - Peter Forsberg is hit by Patrick Kaleta and loses puck.
14:00 of 2nd period - Wrist shot by Andreas Johansson.
14:00 of 2nd period - Stopped by Brian Elliott without a rebound.
14:01 of 2nd period - Ryan Getzlaf wins face-off versus Jonathan Toews in Penguins zone.
14:12 of 2nd period - Slapshot by Ryan Getzlaf.
14:12 of 2nd period - Shot Misses the Net.
14:48 of 2nd period - Wrist shot by Ilya Kovalchuk.
14:48 of 2nd period - Shot Blocked by Dan Hamhuis.
14:56 of 2nd period - Snap shot by Dennis Seidenberg.
14:56 of 2nd period - Stopped by Cam Ward with a rebound.
14:58 of 2nd period - Slapshot by Dennis Seidenberg.
14:58 of 2nd period - Stopped by Cam Ward without a rebound.
14:59 of 2nd period - Ryan Getzlaf wins face-off versus Alexei Yashin in Oilers zone.
15:24 of 2nd period - Andreas Johansson is hit by Steve Staios and loses puck.
15:55 of 2nd period - Snap shot by Dainius Zubrus.
15:55 of 2nd period - Stopped by Cam Ward without a rebound.
15:56 of 2nd period - Peter Forsberg wins face-off versus Jonathan Toews in Oilers zone.
16:32 of 2nd period - Ryan Getzlaf is hit by Joe Pavelski and loses puck.
16:47 of 2nd period - Steve Staios is hit by Joe Callahan and loses puck.
17:22 of 2nd period - Wrist shot by Ted Purcell.
17:22 of 2nd period - Shot Misses the Net.
17:24 of 2nd period - Snap shot by Peter Forsberg.
17:24 of 2nd period - Stopped by Cam Ward with a rebound.
17:26 of 2nd period - Slapshot by Steve Staios.
17:26 of 2nd period - Shot Misses the Net.
17:36 of 2nd period - Darren Reid is hit by Duncan Keith and loses puck.
18:07 of 2nd period - Snap shot by Steven Reinprecht.
18:07 of 2nd period - Shot Blocked by Rob Scuderi.
18:09 of 2nd period - Snap shot by Steven Reinprecht.
18:09 of 2nd period - Stopped by Cam Ward with a rebound.
18:25 of 2nd period - Snap shot by Andreas Johansson.
18:25 of 2nd period - Stopped by Brian Elliott with a rebound.
18:27 of 2nd period - Snap shot by Joe Pavelski.
18:27 of 2nd period - Shot Misses the Net.
18:29 of 2nd period - Wrist shot by Markus Naslund.
18:29 of 2nd period - Stopped by Brian Elliott without a rebound.
18:30 of 2nd period - Pavel Datsyuk wins face-off versus Ryan Getzlaf in Penguins zone.
18:44 of 2nd period - Double Minor Penalty to Darren Reid for Slashing.
18:45 of 2nd period - Denis Arkhipov wins face-off versus Pavel Datsyuk in Penguins zone.
18:54 of 2nd period - Dan Hamhuis is hit by Joe Pavelski and loses puck.
3rd period
0:01 of 3rd period - Denis Arkhipov wins face-off versus Ilya Kovalchuk in neutral zone.
0:41 of 3rd period - Denis Arkhipov is hit by Markus Naslund and loses puck.
2:40 of 3rd period - Ian White is hit by Dainius Zubrus and loses puck.
2:44 of 3rd period - Penalty to Darren Reid is over, Darren Reid is back on ice.
3:02 of 3rd period - Snap shot by Ville Peltonen.
3:02 of 3rd period - Stopped by Cam Ward without a rebound.
3:03 of 3rd period - Erik Rasmussen wins face-off versus Ryan Getzlaf in Oilers zone.
3:58 of 3rd period - Snap shot by Steven Reinprecht.
3:58 of 3rd period - Shot Blocked by Markus Naslund.
4:30 of 3rd period - Taylor Pyatt is hit by Ian White and loses puck.
4:45 of 3rd period - Slapshot by Dennis Seidenberg.
4:45 of 3rd period - Shot Misses the Net.
4:47 of 3rd period - Slapshot by Dennis Seidenberg.
4:47 of 3rd period - Deflect By Peter Forsberg.
4:47 of 3rd period - Stopped by Cam Ward without a rebound.
4:48 of 3rd period - Peter Forsberg wins face-off versus Erik Rasmussen in Oilers zone.
5:12 of 3rd period - Pavel Datsyuk is hit by Taylor Pyatt and loses puck.
5:33 of 3rd period - Rob Scuderi is hit by Dainius Zubrus and loses puck.
5:53 of 3rd period - Alexei Yashin is hit by Ted Purcell and loses puck.
6:34 of 3rd period - Dennis Seidenberg is hit by Karel Pilar and loses puck.
6:39 of 3rd period - Wrist shot by Pavel Datsyuk.
6:39 of 3rd period - Shot Misses the Net.
6:41 of 3rd period - Snap shot by Markus Naslund.
6:41 of 3rd period - Shot Blocked by Ville Peltonen.
6:43 of 3rd period - Slapshot by Joe Pavelski.
6:43 of 3rd period - Stopped by Brian Elliott without a rebound.
6:44 of 3rd period - Peter Forsberg wins face-off versus Ilya Kovalchuk in Penguins zone.
7:37 of 3rd period - Minor Penalty to Duncan Keith for Roughing.
7:38 of 3rd period - Ryan Getzlaf wins face-off versus Alexei Yashin in Oilers zone.
7:51 of 3rd period - Snap shot by Ryan Getzlaf.
7:51 of 3rd period - Stopped by Cam Ward without a rebound.
7:52 of 3rd period - Erik Rasmussen wins face-off versus Ryan Getzlaf in Oilers zone.
8:23 of 3rd period - Slapshot by Dan Hamhuis.
8:23 of 3rd period - Stopped by Cam Ward with a rebound.
8:25 of 3rd period - Wrist shot by Dan Hamhuis.
8:25 of 3rd period - Stopped by Cam Ward with a rebound.
8:27 of 3rd period - Backhand shot by Dan Hamhuis.
8:27 of 3rd period - Stopped by Cam Ward without a rebound.
8:28 of 3rd period - Alexei Yashin wins face-off versus Ryan Getzlaf in Oilers zone.
9:18 of 3rd period - Wrist shot by Darren Reid.
9:18 of 3rd period - Stopped by Cam Ward without a rebound.
9:19 of 3rd period - Erik Rasmussen wins face-off versus Ryan Kesler in Oilers zone.
9:30 of 3rd period - Slapshot by Eric Nystrom.
9:30 of 3rd period - Stopped by Brian Elliott without a rebound.
9:31 of 3rd period - Erik Rasmussen wins face-off versus Ryan Kesler in Penguins zone.
9:37 of 3rd period - Penalty to Duncan Keith is over, Duncan Keith is back on ice.
10:08 of 3rd period - Snap shot by Eric Nystrom.
10:08 of 3rd period - Stopped by Brian Elliott with a rebound.
10:48 of 3rd period - Wrist shot by Ted Purcell.
10:48 of 3rd period - Shot Blocked by Duncan Keith.
11:42 of 3rd period - Snap shot by Peter Forsberg.
11:42 of 3rd period - Shot Misses the Net.
12:18 of 3rd period - Snap shot by Ryan Kesler.
12:18 of 3rd period - Deflect By Peter Forsberg.
12:18 of 3rd period - Shot Misses the Net.
12:18 of 3rd period - Puck is out of play.
12:19 of 3rd period - Ryan Getzlaf wins face-off versus Jonathan Toews in Oilers zone.
12:20 of 3rd period - Snap shot by Darren Reid.
12:20 of 3rd period - Stopped by Cam Ward with a rebound.
12:22 of 3rd period - Wrist shot by Steve Staios.
12:22 of 3rd period - Shot Misses the Net.
12:24 of 3rd period - Wrist shot by Darren Reid.
12:24 of 3rd period - Stopped by Cam Ward with a rebound.
12:26 of 3rd period - Slapshot by Steve Staios.
12:26 of 3rd period - Stopped by Cam Ward with a rebound.
13:10 of 3rd period - Slapshot by Andreas Johansson.
13:10 of 3rd period - Shot Misses the Net.
13:12 of 3rd period - Snap shot by Andreas Johansson.
13:12 of 3rd period - Stopped by Brian Elliott with a rebound.
13:14 of 3rd period - Wrist shot by Alexei Yashin.
13:14 of 3rd period - Shot Blocked by Tom Preissing.
14:02 of 3rd period - Carlo Colaiacovo is hit by Frantisek Kaberle and loses puck.
14:15 of 3rd period - Jere Lehtinen is hit by Jonathan Toews and loses puck.
14:52 of 3rd period - Taylor Pyatt is hit by Markus Naslund and loses puck.
15:03 of 3rd period - Ilya Kovalchuk is hit by Mike Watt and loses puck.
18:20 of 3rd period - Eric Nystrom is hit by Ted Purcell and loses puck.
Overtime #1
0:01 of 1st overtime period - Peter Forsberg wins face-off versus Jonathan Toews in neutral zone.
0:12 of 1st overtime period - Slapshot by Jonathan Toews.
0:12 of 1st overtime period - Shot Misses the Net.
0:14 of 1st overtime period - Snap shot by Jonathan Toews.
0:14 of 1st overtime period - Stopped by Brian Elliott with a rebound.
0:16 of 1st overtime period - Snap shot by Duncan Keith.
0:16 of 1st overtime period - Stopped by Brian Elliott with a rebound.
0:42 of 1st overtime period - Carlo Colaiacovo is hit by Jonathan Toews and loses puck.
1:57 of 1st overtime period - Steve Staios is hit by Joe Callahan and loses puck.
ShootOut
5:00 of 1st overtime period - Penalty Shot by Ilya Kovalchuk for Oilers.
5:00 of 1st overtime period - Wrist shot by Ilya Kovalchuk.
5:00 of 1st overtime period - Stopped by Brian Elliott.
5:00 of 1st overtime period - Penalty Shot by Peter Forsberg for Penguins.
5:00 of 1st overtime period - Deke by Peter Forsberg.
5:00 of 1st overtime period - Stopped by Cam Ward.
5:00 of 1st overtime period - Penalty Shot by Pavel Datsyuk for Oilers.
5:00 of 1st overtime period - Deke by Pavel Datsyuk.
5:00 of 1st overtime period - Stopped by Brian Elliott.
5:00 of 1st overtime period - Penalty Shot by Ted Purcell for Penguins.
5:00 of 1st overtime period - Backhand shot by Ted Purcell.
5:00 of 1st overtime period - Goal by Ted Purcell.
5:00 of 1st overtime period - Penalty Shot by Brad Boyes for Oilers.
5:00 of 1st overtime period - Backhand shot by Brad Boyes.
5:00 of 1st overtime period - Stopped by Brian Elliott.
Output by the SimonT Hockey Simulator (STHS) for François Prévost -- Original Page W3C XHTML 1.0 Valid